 Dungeon Crawl Stone Soup version 0.25.1-1-g288607f5aa (webtiles) character file.

Game seed: 6044552829259299202

15077 Kold the Martial Artist (level 12, -2/88 HPs)
             Began as an Octopode Transmuter on July 25, 2020.
             Was a High Priest of Cheibriados.
             Slain by a yak (11 damage)
             ... on level 2 of the Lair of Beasts.
             The game lasted 00:26:28 (14419 turns).

Kold the Martial Artist (Octopode Transmuter)      Turns: 14419, Time: 00:26:29

Health: -2/88      AC: 16    Str: 32    XL:     12   Next: 23%
Magic:  0/19       EV: 15    Int: 33    God:    Cheibriados [*****.]
Gold:   401        SH:  0    Dex: 29    Spells: 12/21 levels left

rFire    x . .     SeeInvis +     - Unarmed
rCold    + + +     Gourm    .   (shield currently unavailable)
rNeg     . . .     Faith    .   (helmet currently unavailable)
rPois    +         Spirit   +   n - amulet of guardian spirit
rElec    .         Reflect  .   e - +4 ring of protection
rCorr    .         Harm     .   f - ring of see invisible
MR       +....                  m - ring of protection from magic
Stlth    ++++......             s - +6 ring of strength
HPRegen  0.24/turn              F - ring of flight
MPRegen  0.16/turn              l - +4 ring of protection
                                (no ring)
                                (no ring)

@: about to teleport, ice-form, very slow
A: large, almost no armour, stealthy swim, amphibious, 8 rings, (constrict 8),
agile 1, sense surroundings 1, strong 1
a: End Transformation, Bend Time, Temporal Distortion, Slouch, Step From Time,
Renounce Religion, Evoke Flight


You were on level 2 of the Lair of Beasts.
You worshipped Cheibriados.
Cheibriados was extremely pleased with you.
You were not hungry.
You were a creature of crystalline ice.
You visited 4 branches of the dungeon, and saw 13 of its levels.

You collected 583 gold pieces.
You spent 182 gold pieces at shops.

Inventory:

Missiles
 a - 139 arrows
Armour
 q - the +0 buckler of Autumn (melded) {rC+ MR+}
   (You found it on level 4 of the Dungeon)

   It protects you from cold.
   It affects your resistance to hostile enchantments.
Magical Staves
 o - an uncursed staff of summoning {unknown}
 r - an uncursed staff of earth (melded)
Jewellery
 e - a +4 ring of protection (left front paw)
 f - a ring of see invisible (right front paw)
 l - a +4 ring of protection (on tentacle)
 m - a ring of protection from magic (on tentacle)
 n - an amulet of guardian spirit (around neck)
 s - a +6 ring of strength (on tentacle)
 y - an uncursed ring of ice
 F - a ring of flight (on tentacle)
Wands
 b - a wand of acid (3)
 h - a wand of polymorph (6)
 u - a wand of paralysis (19)
Scrolls
 d - 2 scrolls of teleportation
 g - 7 scrolls of remove curse
 i - 3 scrolls of fog
 k - 7 scrolls of identify
 t - 2 scrolls of enchant armour
 z - a scroll of amnesia
 E - 2 scrolls of enchant weapon {unknown}
 G - a scroll of acquirement {unknown}
Potions
 p - 3 potions of stabbing
 v - 2 potions of ambrosia
 w - a potion of lignification
 A - a potion of flight
 B - a potion of invisibility {unknown}
 C - a potion of brilliance
 D - a potion of might
Miscellaneous
 j - a phantom mirror
Comestibles
 c - 16 rations
 H - 5 chunks of flesh


   Skills:
 - Level 4.0 Fighting
 + Level 5.6 Dodging
 - Level 2.0 Stealth
 - Level 4.0 Shields
 + Level 11.2 Unarmed Combat
 - Level 5.0 Spellcasting
 - Level 10.0 Transmutations
 - Level 4.0 Ice Magic
 - Level 3.0 Poison Magic
 * Level 8.3 Invocations


You had 12 spell levels left.
You knew the following spells:

 Your Spells              Type           Power        Failure   Level  Hunger
a - Ice Form              Ice/Tmut       ######..     2%          4    ###....
b - Sticks to Snakes      Tmut           ######..     1%          2    None
c - Spider Form           Tmut/Pois      ######....   1%          3    None

Your spell library contained the following spells:

 Spells                   Type           Power        Failure   Level  Hunger
 Beastly Appendage        Tmut           ######       1%          1    None
 Blade Hands              Tmut           ######....   2%          5    #####..
 Ensorcelled Hibernation  Hex/Ice        ###...       3%          2    None
 Animate Skeleton         Necr           N/A          4%          1    None
 Apportation              Tloc           #.....       4%          1    None
 Corona                   Hex            #......      4%          1    None
 Summon Small Mammal      Summ           #...         4%          1    None
 Confusing Touch          Hex            #.......     14%         3    None
 Dazzling Flash           Conj/Hex       #.....       14%         3    None
 Tukima's Dance           Hex            #.......     14%         3    None
 Metabolic Englaciation   Hex/Ice        ###.......   50%         5    #####..
 Bolt of Magma            Conj/Fire/Erth #.........   78%         5    #####..
 Iskenderun's Battlesphe  Conj/Chrm      #.......     78%         5    #####..
 Ozocubu's Refrigeration  Ice            ####......   80%         6    ######.
 Simulacrum               Ice/Necr       ###.......   97%         6    ######.
 Freezing Cloud           Conj/Ice/Air   ###.......   99%         6    ######.
 Iron Shot                Conj/Erth      #.........   100%        6    ######.
 Orb of Destruction       Conj           #.........   100%        7    #######
 Spellforged Servitor     Conj/Summ      #.........   100%        7    #######


Dungeon Overview and Level Annotations

Branches:
Dungeon (9/15)             Temple (1/1) D:6            Lair (2/6) D:9
    Orc (1/2) D:9
  Swamp: Lair:2-4    Shoals: Lair:2-4     Snake: Lair:2-4    Spider: Lair:2-4

Altars:
Ashenzari
Cheibriados
Dithmenos
Fedhas
Gozag
Hepliaklqana
Kikubaaqudgha
Makhleb
Nemelex Xobeh
Okawaru
Qazlal
Ru
Sif Muna
Trog
Uskayaw
Vehumet
Xom
Zin

Shops:
D:5 *   D:6 !

Annotations:
D:7 Harold


Innate Abilities, Weirdness & Mutations

You cannot wear most types of armour.
You are very stealthy in the water. (Stealth+)
You are amphibious.
You can wear up to eight rings at the same time.
((You can use your tentacles to constrict eight enemies at once.))
((Your skin changes colour to match your surroundings (Stealth+).))
((Your rubbery body absorbs attacks. (AC +1, EV +1)))
You are agile. (Dex +2)
You passively map a small area around you.
((You are covered in fur. (AC +1)))
Your muscles are strong. (Str +2)


Message History

The yak closely misses you. The yak gores you but does no damage.
The yak gores you.
* * * LOW HITPOINT WARNING * * *
The yak gores you.
* * * LOW HITPOINT WARNING * * *
The yak gores you!
* * * LOW HITPOINT WARNING * * *
The yak gores you but does no damage. x2
The yak misses you. The yak gores you.
* * * LOW HITPOINT WARNING * * *
The yak gores you.
* * * LOW HITPOINT WARNING * * *
You feel better. The yak misses you. The yak closely misses you.
The yak gores you but does no damage. The yak barely misses you.
As you read the scroll of teleportation, it crumbles to dust.
You feel strangely unstable.
The yak gores you but does no damage. x2
The yak closely misses you. The yak completely misses you. The yak gores you.
* * * LOW HITPOINT WARNING * * *
The yak gores you!
You die...

.
.Y#P....,#P.....+(....#P....
..
Y......##....##........... ,
.
YYP.,................##....
..##.,...##.......≈≈..+.....
####.≈≈..≈≈..≈.....#### *
#≈≈≈≈≈≈≈≈≈≈≈≈≈≈≈≈≈≈≈≈## ,
##≈≈≈.≈≈≈≈≈.≈≈≈.≈≈≈≈≈# ,
##.YYY..≈.≈......##≈#
.....#YYY.....≈..≈###≈≈ * *
...#..YY..≈...≈.≈≈# ###
###########≈#P#≈#P#
#########


You could see 7 yaks.

Vanquished Creatures
  Pikel (D:7)
  2 spiny frogs
  A rime drake (Lair:2)
  3 komodo dragons
  2 trolls (D:9)
  Grinder (D:5)
  A hornet (D:9)
  7 blink frogs
  4 hippogriffs
  3 wyverns (D:9)
  10 yaks
  4 basilisks
  A steam dragon (D:9)
  3 hungry ghosts
  3 water moccasins
  8 orc warriors
  5 porcupines
  3 ice beasts
  A black bear (Lair:2)
  3 sky beasts
  2 phantoms (D:9)
  7 ogres
  A necrophage (D:8)
  8 wolves
  A centaur (D:5)
  4 crocodiles
  An elf zombie (D:8)
  5 bullfrogs
  4 big kobolds
  3 gnoll sergeants
  An elf skeleton (D:8)
  A water moccasin skeleton (D:9)
  9 killer bees
  A howler monkey (D:5)
  2 crimson imps (D:5)
  2 bullfrog zombies
  A centaur zombie (D:5)
  3 human zombies (D:8)
  A jelly (D:6)
  3 hounds
  A centaur skeleton (D:9)
  5 orc priests
  A bullfrog skeleton (D:4)
  10 orc wizards
  5 human skeletons (D:8)
  3 iguanas
  8 worker ants
  A killer bee zombie (D:6)
  A mummy (D:8)
  Robin (D:4)
  8 gnolls
  6 adders
  A shadow imp (D:5)
  8 adder skeletons
  An adder zombie (D:6)
  2 worms (D:3)
  2 dart slugs (D:2)
  3 leopard geckos
  46 orcs
  A ball python (D:2)
  9 bats
  8 giant cockroaches
  17 goblins
  7 hobgoblins
  8 jackals (D:5)
  7 kobolds
  4 quokkas
  4 frilled lizards
  2 giant cockroach zombies (D:6)
  A jackal skeleton (D:4)
  A leopard gecko skeleton (D:6)
  A quokka skeleton (D:6)
  A quokka zombie (D:6)
  5 rats
315 creatures vanquished.

Vanquished Creatures (collateral kills)
  A spiny frog (Lair:2)
  A black bear (D:9)
2 creatures vanquished.

Vanquished Creatures (others)
  2 slaves (D:7)
  An orc wizard (D:7)
  A leopard gecko (D:7)
  2 orcs (D:7)
  4 kobolds (D:7)
10 creatures vanquished.

Grand Total: 327 creatures vanquished

Notes
Turn   | Place    | Note
-------+----------+-------------------------------------------
     0 | D:1      | Kold the Octopode Transmuter began the quest for the Orb.
     0 | D:1      | Reached XP level 1. HP: 13/13 MP: 3/3
   153 | D:1      | Reached skill level 1 in Stealth
   155 | D:1      | Reached XP level 2. HP: 18/18 MP: 5/5
  1040 | D:2      | Found a hide-covered altar of Uskayaw.
  1040 | D:2      | Found a sacrificial altar of Ru.
  1073 | D:2      | Reached XP level 3. HP: 23/23 MP: 6/6
  1265 | D:2      | Reached XP level 4. HP: 28/28 MP: 5/7
  2081 | D:3      | Reached skill level 4 in Unarmed Combat
  2239 | D:3      | Reached XP level 5. HP: 27/33 MP: 8/8
  2255 | D:3      | Learned a level 2 spell: Sticks to Snakes
  2259 | D:3      | Learned a level 3 spell: Spider Form
  2426 | D:3      | Reached skill level 1 in Poison Magic
  3109 | D:4      | Reached XP level 6. HP: 31/38 MP: 5/9
  3363 | D:4      | Reached skill level 5 in Unarmed Combat
  3425 | D:4      | Found a stormy altar of Qazlal.
  3436 | D:4      | Found a blossoming altar of Fedhas.
  3619 | D:4      | Noticed Robin
  3633 | D:4      | Killed Robin
  3633 | D:4      | Reached XP level 7. HP: 33/43 MP: 6/10
  3677 | D:4      | Got a pitted buckler
  3683 | D:4      | Identified the cursed +0 buckler of Autumn {rC+ MR+} (You
                  | found it on level 4 of the Dungeon)
  4647 | D:5      | Entered Level 5 of the Dungeon
  4653 | D:5      | Found Unon's Assorted Antiques.
  4678 | D:5      | Reached skill level 1 in Shields
  4681 | D:5      | Reached skill level 5 in Transmutations
  5014 | D:5      | Found a shimmering blue altar of Sif Muna.
  5067 | D:5      | Reached skill level 6 in Unarmed Combat
  5067 | D:5      | Reached XP level 8. HP: 41/48 MP: 11/11
  5532 | D:5      | Noticed Grinder
  5547 | D:5      | Killed Grinder
  5743 | D:5      | Found a shimmering altar of Xom.
  5756 | D:5      | Reached skill level 7 in Unarmed Combat
  6118 | D:6      | Found Jumiedie's Distillery.
  6206 | D:6      | Found a staircase to the Ecumenical Temple.
  6219 | Temple   | Entered the Ecumenical Temple
  6350 | Temple   | Became a worshipper of Cheibriados the Contemplative
  6501 | D:6      | Gained mutation: You are covered in fur. (AC +1) [potion of
                  | mutation]
  6501 | D:6      | Gained mutation: You are agile. (Dex +2) [potion of
                  | mutation]
  6501 | D:6      | Gained mutation: You passively map a small area around you.
                  | [potion of mutation]
  6501 | D:6      | Gained mutation: Your muscles are strong. (Str +2) [potion
                  | of mutation]
  7011 | D:6      | Reached XP level 9. HP: 38/53 MP: 5/12
  7081 | D:6      | Learned a level 4 spell: Ice Form
  7262 | D:6      | Reached * piety under Cheibriados
  7262 | D:6      | Reached skill level 1 in Ice Magic
  7454 | D:7      | Noticed Pikel
  7730 | D:7      | Killed Pikel
  7730 | D:7      | Reached skill level 8 in Unarmed Combat
  8098 | D:7      | Reached ** piety under Cheibriados
  8237 | D:7      | Noticed Harold
  9108 | D:6      | Bought 2 potions of heal wounds for 140 gold pieces
  9108 | D:6      | Bought a potion of curing for 42 gold pieces
  9252 | D:8      | Reached skill level 9 in Unarmed Combat
  9252 | D:8      | Reached XP level 10. HP: 58/58 MP: 8/13
  9696 | D:8      | Found an ancient bone altar of Kikubaaqudgha.
  9957 | D:9      | Found a snail-covered altar of Cheibriados.
 10065 | D:9      | Reached *** piety under Cheibriados
 10536 | D:9      | Reached skill level 10 in Unarmed Combat
 10801 | D:9      | Reached **** piety under Cheibriados
 10801 | D:9      | Reached skill level 1 in Invocations
 10844 | D:9      | Found a burning altar of Makhleb.
 11044 | D:9      | Reached skill level 10 in Transmutations
 11055 | D:9      | Found a staircase to the Lair.
 11339 | D:9      | Found a staircase to the Orcish Mines.
 11364 | D:9      | Reached XP level 11. HP: 47/66 MP: 8/15
 11563 | D:9      | Reached ***** piety under Cheibriados
 11627 | D:9      | Found a glowing silver altar of Zin.
 11627 | D:9      | Noticed a blizzard demon
 11628 | D:9      | Noticed an angel
 12065 | Orc:1    | Entered Level 1 of the Orcish Mines
 12088 | Orc:1    | Noticed an orc sorcerer
 12212 | Lair:1   | Entered Level 1 of the Lair of Beasts
 12227 | Lair:1   | Reached skill level 5 in Invocations
 13675 | Lair:2   | HP: 3/82 [spiny frog (6)]
 14024 | Lair:2   | Reached skill level 5 in Dodging
 14026 | Lair:2   | Reached skill level 11 in Unarmed Combat
 14026 | Lair:2   | Reached XP level 12. HP: 74/74 MP: 13/19
 14213 | Lair:2   | Reached skill level 5 in Spellcasting
 14417 | Lair:2   | HP: 2/88 [yak (5)]
 14419 | Lair:2   | Slain by a yak

Illustrated notes

Levels and vault maps discovered:
D:1:      dpeg_arrival_castle, layout_basic
D:2:      layout_basic, gammafunk_temple_overflow_statue,
          kennysheep_cluttered_room
D:3:      layout_loops_ring, first_ration, kennysheep_generic_room_8
D:4:      layout_layer_cave, grunt_temple_overflow_forces_of_nature, uniq_robin
D:5:      layout_gridville, serial_shops, nicolae_shop_stone,
          hangedman_feature_mirror, uniq_grinder
D:6:      layout_loops_corners, minmay_temple_entry_tees, serial_undead,
          serial_undead_a, serial_undead_d, serial_undead_c, serial_undead_f,
          serial_shops, shop, grunt_ministairs_1, solitary_fountain
D:7:      layout_rooms, uniq_harold, uniq_pikel
D:8:      layout_loops_ring, lemuel_mausoleum_altar_kikubaaqudgha
D:9:      layout_loops_ring, grunt_temple_overflow_order_and_chaos_2,
          erik_lair_dragon, kennysheep_orc_monster_closet_entryway, basic_altar
Temple:   regret_index_temple_generic_petals
Lair:1:   layout_chaotic_city, serial_bayou_crossing, serial_bayou_shore_a,
          grunt_megastairs_3
Lair:2:   layout_regular_city, ebering_ghost_rock_garden,
          chequers_serial_rivers_small_3, minivault_27, serial_bayou_shore_b
Orc:1:    layout_caves, basic_altar, uniq_josephine, uniq_gastronok

Skill      XL: |  1  2  3  4  5  6  7  8  9 10 11 12 |
---------------+-------------------------------------+-----
Stealth        | 1 2 |  2.0
Transmutations | 3 4 5 7 8 10 | 10.0
Unarmed Combat | 4 5 6 7 9 10 11 | 11.2
Poison Magic   | 2 3 |  3.0
Shields        | 2 4 |  4.0
Ice Magic      | 4 |  4.0
Invocations    | 3 7 8 |  8.3
Fighting       | 2 4 |  4.0
Dodging        | 3 5 |  5.6
Spellcasting   | 4 5 |  5.0

Action                   |  1- 3 |  4- 6 |  7- 9 | 10-12 || total
-------------------------+-------+-------+-------+-------++-------
Melee: Unarmed           |    59 |   143 |   301 |   322 ||   825
       Constrict         |    17 |    34 |    32 |     5 ||    88
       Tentacles         |    13 |    17 |    32 |     9 ||    71
       Kick              |     9 |    29 |    30 |       ||    68
       Punch             |       |     2 |    10 |     4 ||    16
       Staff             |       |       |     9 |    14 ||    23
 Cast: Beastly Appendage |    11 |    18 |    19 |       ||    48
       Spider Form       |       |     2 |    19 |     1 ||    22
       Sticks to Snakes  |       |     1 |       |     3 ||     4
       Ice Form          |       |       |     6 |    34 ||    40
Evoke: Wand              |       |       |    14 |     3 ||    17
  Use: Potion            |       |     2 |     3 |     4 ||     9
       Scroll            |       |       |    17 |     2 ||    19
 Stab: Sleeping          |     6 |     9 |     8 |     8 ||    31
       Distracted        |       |       |     1 |     1 ||     2
  Eat: Chunk             |     1 |     8 |    16 |     7 ||    32
       Ration            |       |       |     1 |     3 ||     4
Armor: Skin              |    24 |    15 |    58 |   137 ||   234
Dodge: Dodged            |    42 |    85 |   272 |   202 ||   601
Block: Buckler           |       |       |    25 |     4 ||    29
